 Dungeon Crawl Stone Soup version 0.27.0-1-g7a089689b8 (console) character file.

Game seed: 4428547609969458681

7 jejorda2 the Sneak (level 1, 0/16 HPs)
             Began as a Minotaur Enchanter on Aug 7, 2021.
             Slain by a bat (1 damage)
             ... on level 1 of the Dungeon.
             The game lasted 00:00:44 (374 turns).

jejorda2 the Sneak (Minotaur Enchanter)              Turns: 374, Time: 00:00:45

Health: 0/16       AC:  2    Str: 12    XL:     1   Next: 91%
Magic:  1/1        EV: 12    Int: 12    God:
Gold:   8          SH:  0    Dex: 10    Spells: 1/2 levels left

rFire    . . .     SeeInvis .   a - +1 dagger
rCold    . . .     Faith    .   (no shield)
rNeg     . . .     Spirit   .   b - +0 robe
rPois    .         Reflect  .   (helmet restricted)
rElec    .         Harm     .   (no cloak)
rCorr    .         Rampage  .   (no gloves)
Will     .....                  (no boots)
Stlth    ++........             (no amulet)
HPRegen  0.05/turn              (no ring)
MPRegen  0.07/turn              (no ring)

@: no status effects
A: horns 2, retaliatory headbutt
a: no special abilities


You were on level 1 of the Dungeon.
You visited 1 branch of the dungeon, and saw 1 of its levels.

You collected 8 gold pieces.

Inventory:

Hand Weapons
 a - a +1 dagger (weapon)
Missiles
 g - 22 stones
Armour
 b - a +0 robe (worn)
Scrolls
 e - a scroll of identify {unknown}
Potions
 c - a potion of lignification {unknown}
 d - a potion of ambrosia {unknown}
 f - a potion of magic {unknown}


   Skills:
 + Level 1.2 Fighting
 - Level 1.1 Short Blades
 + Level 1.2 Armour
 - Level 2.1 Dodging
 - Level 2.4 Stealth
 - Level 1.3 Spellcasting
 - Level 2.0 Hexes


You had one spell level left.
You knew the following spells:

 Your Spells              Type           Power      Damage    Failure   Level
a - Corona                Hex            5%         N/A       13%         1

Your spell library contained the following spells:

 Spells                   Type           Power      Damage    Failure   Level
 Ensorcelled Hibernation  Hex/Ice        6%         N/A       28%         2
 Confusing Touch          Hex            5%         N/A       36%         3
 Tukima's Dance           Hex            5%         N/A       36%         3
 Dazzling Flash           Conj/Hex       6%         N/A       50%         3
 Gell's Gravitas          Tloc           0%         N/A       65%         3
 Lesser Beckoning         Tloc           0%         N/A       65%         3
 Teleport Other           Tloc           0%         N/A       65%         3


Dungeon Overview and Level Annotations

Branches:
Dungeon (1/15)

Altars:


Innate Abilities, Weirdness & Mutations

You have a pair of horns on your head.
You reflexively headbutt those who attack you in melee.


Message History

You closely miss the quokka.
The quokka is moderately wounded.
The quokka bites you.
You hit the quokka but do no damage.
The quokka is moderately wounded.
The quokka barely misses you.
You closely miss the quokka.
The quokka is moderately wounded.
The quokka barely misses you.
You closely miss the quokka. You headbutt the quokka.
The quokka is severely wounded.
The quokka bites you. x2
* * * LOW HITPOINT WARNING * * *
You closely miss the quokka.
The quokka is severely wounded.
The quokka closely misses you.
You hit the quokka. Your headbutt misses the quokka.
The quokka is almost dead.
The quokka closely misses you.
You hit the quokka but do no damage. Your headbutt misses the quokka.
The quokka is severely wounded.
The quokka bites you but does no damage.
You hit the quokka but do no damage.
The quokka is severely wounded.
The quokka closely misses you.
You hit the quokka but do no damage.
The quokka is severely wounded.
The quokka bites you.
* * * LOW HITPOINT WARNING * * *
The quokka closely misses you. The quokka barely misses you.
A bat comes into view.
The bat misses you. The bat misses you. The quokka misses you.
You furiously retaliate!
You headbutt the quokka!
You kill the quokka!
The bat completely misses you. The bat barely misses you.
The bat hits you but does no damage. The bat closely misses you.
The bat hits you.
You die...

#.#####.##+##.. ###..#.# .
#.#...#.# #...# #....#.# .
#.#...'.# #...#.#.#.##.# .
#.#...#.# ...#........###.
#.#####.#####.#...#..........
#.............#..####.#.#.##.
#..####..##..##.........#....
#####.#####.###.#####............
................@b...†...........
####....†....#########.##.#######
#.........# #..#.# #.........#
#..#b# #.........# #..#.#
########### #..#.# #..#.# #..#.#


You could see a bat.

Vanquished Creatures
  An endoplasm (D:1)
  A hobgoblin (D:1)
  2 quokkas (D:1)
  A ball python (D:1)
  2 rats (D:1)
7 creatures vanquished.

Notes
Turn   | Place    | Note
-------+----------+-------------------------------------------
     0 | D:1      | jejorda2 the Minotaur Enchanter began the quest for the
                  | Orb.
     0 | D:1      | Reached XP level 1. HP: 14/14 MP: 1/1
   138 | D:1      | Reached skill level 1 in Fighting
   138 | D:1      | Reached skill level 1 in Armour
   374 | D:1      | Slain by a bat

Illustrated notes

Levels and vault maps discovered:
D:1:      minmay_arrival_four_houses, layout_basic, minmay_tromino_v2

Skill      XL: |  1 |
---------------+----+-----
Fighting       | 1 |  1.2
Armour         | 1 |  1.2
Short Blades   | |  1.1
Dodging        | |  2.1
Stealth        | |  2.4
Spellcasting   | |  1.3
Hexes          | |  2.0

Action                   || total
-------------------------++-------
Melee: Dagger            ||    30
       Headbutt          ||     1
 Stab: Sleeping          ||     2
Armor: Robe              ||     2
Dodge: Dodged            ||    25
